 Dungeon Crawl Stone Soup version 0.19-a0-1008-g4c63d25 (webtiles) character file.

2377 Implojin the Grappler (level 9, -2/75 HPs)
             Began as a Minotaur Fighter on July 21, 2016.
             Was a Priest of Okawaru.
             Slain by a centaur (4 damage)
             ... on level 11 of the Dungeon.
             The game lasted 00:08:58 (1101 turns).

Implojin the Grappler (Minotaur Fighter)            Turns: 1101, Time: 00:08:59

Health: -2/75      AC: 11    Str: 21    XL:     9   Next: 21%
Magic:  7/10       EV:  9    Int:  5    God:    Okawaru [***...]
Gold:   51         SH: 11    Dex: 13    Spells: 0 memorised, 8 levels left

rFire  . . .     SeeInvis .       - Unarmed
rCold  . . .     Gourm    .     g - +0 chain mail
rNeg   . . .     Faith    .     b - +0 shield
rPois  .         Spirit   .     (helmet unavailable)
rElec  .         Dismiss  .     (no cloak)
rCorr  .         Reflect  .     (no gloves)
SustAt .         Harm     .     (no boots)
MR     .....     Clarity  +     (no amulet)
Stlth  .......... Rnd*Tele +    (no ring)
                                k - ring of teleportation (curse)

@: liquid flames, heroism, glowing, not resistant to hostile enchantments,
extremely unstealthy
A: retaliatory headbutt, horns 3, clarity
a: Heroism, Renounce Religion


You were on level 11 of the Dungeon.
You worshipped Okawaru.
Okawaru was most pleased with you.
You were not hungry.

You visited 2 branches of the dungeon, and saw 12 of its levels.

You collected 51 gold pieces.

Inventory:

Hand Weapons
 m - a +0 blowgun
Armour
 a - a +0 scale mail
 b - a +0 shield (worn)
 g - a +0 chain mail (worn)
Magical Staves
 c - an uncursed staff of conjuration
Jewellery
 k - a cursed ring of teleportation (left hand)
Scrolls
 f - a scroll of random uselessness
 h - a scroll of immolation
 l - a scroll of torment {unknown}
 n - a scroll of remove curse {unknown}
Comestibles
 d - 6 bread rations
 i - 4 chunks of flesh


   Skills:
 * Level 6.0(11.0) Fighting
 - Level 3.6(8.6) Armour
 - Level 3.6(8.6) Shields
 - Level 12.1(17.1) Unarmed Combat
 - Level 3.3 Invocations


You had 8 spell levels left.
You didn't know any spells.

Dungeon Overview and Level Annotations

Branches:
Dungeon (11/15)            Temple (1/1) D:4             Orc (0/2) D:9
   Lair: D:8-11

Altars:
Ashenzari
Gozag
Hepliaklqana
Nemelex Xobeh
Okawaru
Sif Muna
Trog
Vehumet
Yredelemnul
The Shining One

Shops:
D:9 *

Annotations:
D:10 exclusion: downstairs


Innate Abilities, Weirdness & Mutations

You reflexively headbutt those who attack you in melee.
You have a pair of large horns on your head.
You possess an exceptional clarity of mind.


Message History

* * * LOW HITPOINT WARNING * * *
Unknown command.
You punch the mottled dragon!
You kill the mottled dragon!
Okawaru accepts your kill.
You are covered in liquid flames!
* * * LOW HITPOINT WARNING * * *
The centaur shoots an arrow.
The arrow hits you but does no damage.
You are covered in liquid flames!
* * * LOW HITPOINT WARNING * * *
The centaur unwields an uncursed shortbow.
You block the centaur's attack. The centaur completely misses you.
You block the centaur's attack.
The centaur hits you but does no damage.
There is an open door, spattered with blood here.
You see here a mottled dragon corpse.
Unknown command.
You feel better.
You are covered in liquid flames!
* * * LOW HITPOINT WARNING * * *
You block the centaur's attack. The centaur hits you.
* * * LOW HITPOINT WARNING * * *
The centaur unwields an uncursed shortbow.
The centaur hits you.
* * * LOW HITPOINT WARNING * * *
You pummel the centaur!!
You kill the centaur!
Okawaru accepts your kill.
Your base Fighting skill increases to level 6!
You are covered in liquid flames!
* * * LOW HITPOINT WARNING * * *
The centaur hits you but does no damage.
You block the centaur's attack.
Unknown command.
You hit the centaur. You headbutt the centaur!
The centaur is severely wounded.
You are covered in liquid flames!
* * * LOW HITPOINT WARNING * * *
The centaur closely misses you. The centaur hits you.
You die...

#.........# .#
#.........# .####
#.........###....
##.........##...
...........##.#######
.............<....... .
.#####.####.##.#.... ..
#()# #.........
...######@###..#.....
.......†)cc##... .....
.......((..##..## ##.#
...........##..# #
...........##...
......##..........##..#
......##............
......############....
......# ....


You could see 2 centaurs.

Vanquished Creatures
  A spriggan (D:10)
  Sigmund (D:5)
  4 yaks (D:10)
  A hippogriff (D:10)
  A steam dragon (D:10)
  A mottled dragon (D:11)
  A black bear (D:9)
  A necrophage (D:8)
  A phantom (D:10)
  An ogre (D:4)
  3 centaurs
  2 giant frogs
  A water moccasin zombie (D:9)
  A water moccasin skeleton (D:9)
  A howler monkey (D:4)
  3 hounds
  An orc wizard (D:6)
  2 giant frog skeletons
  2 worker ants
  A worker ant zombie (D:11)
  4 adders
  A giant gecko (D:2)
  3 orcs (D:6)
  A giant cockroach (D:4)
  A goblin (D:1)
  A hobgoblin (D:1)
  7 jackals
  A kobold (D:3)
  A giant gecko skeleton (D:4)
  A giant newt (D:1)
  2 rats (D:1)
53 creatures vanquished.

Notes
Turn   | Place    | Note
-------+----------+-------------------------------------------
     0 | D:1      | Implojin the Minotaur Fighter began the quest for the Orb.
     0 | D:1      | Reached XP level 1. HP: 19/19 MP: 0/0
   114 | D:3      | Reached skill level 3 in Unarmed Combat
   114 | D:3      | Reached XP level 2. HP: 18/26 MP: 1/1
   145 | D:4      | Noticed a howler monkey
   152 | D:4      | Killed a howler monkey
   152 | D:4      | Reached skill level 4 in Unarmed Combat
   152 | D:4      | Reached XP level 3. HP: 26/31 MP: 2/2
   159 | D:4      | Reached XP level 4. HP: 33/39 MP: 3/3
   160 | D:4      | Reached skill level 5 in Unarmed Combat
   169 | D:4      | Noticed an ogre
   174 | D:4      | Killed an ogre
   174 | D:4      | Reached skill level 6 in Unarmed Combat
   174 | D:4      | Reached XP level 5. HP: 41/45 MP: 4/4
   198 | D:4      | Found a staircase to the Ecumenical Temple.
   208 | Temple   | Entered the Ecumenical Temple
   229 | Temple   | Became a worshipper of Warmaster Okawaru
   362 | D:5      | Entered Level 5 of the Dungeon
   400 | D:5      | Reached skill level 7 in Unarmed Combat
   400 | D:5      | Reached XP level 6. HP: 34/51 MP: 5/5
   409 | D:5      | Noticed Sigmund
   417 | D:5      | Killed Sigmund
   422 | D:5      | Reached * piety under Okawaru
   422 | D:5      | Reached skill level 8 in Unarmed Combat
   446 | D:5      | Found a basalt altar of Yredelemnul.
   452 | D:5      | Found a glowing golden altar of the Shining One.
   472 | D:6      | Found a shattered altar of Ashenzari.
   529 | D:6      | Reached XP level 7. HP: 54/57 MP: 3/6
   628 | D:9      | Reached skill level 9 in Unarmed Combat
   647 | D:9      | Found Jiuddif's General Store.
   690 | D:9      | Found a sparkling altar of Nemelex Xobeh.
   714 | D:10     | Entered Level 10 of the Dungeon
   769 | D:10     | Noticed a hippogriff
   778 | D:10     | Killed a hippogriff
   778 | D:10     | Reached skill level 10 in Unarmed Combat
   859 | D:10     | Reached XP level 8. HP: 63/64 MP: 5/7
   905 | D:10     | Reached ** piety under Okawaru
   905 | D:10     | Reached skill level 11 in Unarmed Combat
   982 | D:10     | Gained mutation: You have a pair of large horns on your head. [potion of beneficial mutation]
   983 | D:10     | Gained mutation: You possess an exceptional clarity of mind. [potion of beneficial mutation]
  1013 | D:10     | Reached skill level 12 in Unarmed Combat
  1016 | D:10     | Reached *** piety under Okawaru
  1016 | D:10     | Reached skill level 2 in Invocations
  1049 | D:10     | Reached skill level 4 in Fighting
  1049 | D:10     | Reached XP level 9. HP: 35/72 MP: 6/9
  1088 | D:11     | Reached skill level 3 in Invocations
  1094 | D:11     | Reached skill level 5 in Fighting
  1100 | D:11     | Reached skill level 6 in Fighting
  1101 | D:11     | HP: 2/75 [burnt (4)]
  1101 | D:11     | Slain by a centaur

Vault maps used:
D:1:      dpeg_arrival_short_road
D:2:      grunt_temple_overflow_forces_of_nature,
          nicolae_overflow_crystal_walls, ecumenical_altar_2, uniq_terence,
          uniq_robin, uniq_jessica
D:4:      kennysheep_generic_room_6
D:5:      grunt_temple_overflow_holy_war, grunt_pakellas_salt,
          nicolae_dithmenos_through_a_glass_darkly, basic_altar, first_bread,
          uniq_sigmund
D:6:      kiku_gazebo_garden_becter, overflow_temple_1_default
D:7:      serial_shops, shop
D:8:      serial_ice, serial_ice_l, serial_ice_o, serial_ice_a, serial_ice_d
D:9:      old_standard_altar, david_orc_4, serial_shops, nicolae_shop_trees
D:10:     lair_0_dummy, the_bakery
Temple:   nicolae_temple_hex_pool

Skill      XL: |  1  2  3  4  5  6  7  8  9 |
---------------+----------------------------+-----
Unarmed Combat | 3 4 6 7 8 10 12 | 12.1
Invocations    | 2 3 |  3.3
Fighting       | 4 6 |  6.0
Armour         | |  3.6
Shields        | |  3.6

Action                   |  1- 3 |  4- 6 |  7- 9 || total
-------------------------+-------+-------+-------++-------
Melee: Unarmed           |    29 |    40 |   103 ||   172
       Headbutt          |     5 |     9 |    21 ||    35
Invok: Heroism           |       |     1 |    11 ||    12
  Use: Potion            |     1 |     1 |     3 ||     5
       Scroll            |       |       |     6 ||     6
  Eat: Chunk             |       |       |     1 ||     1
Armor: Scale mail        |    11 |       |       ||    11
       Chain mail        |     8 |    21 |    38 ||    67
Dodge: Dodged            |     9 |     6 |    26 ||    41
Block: Shield            |    21 |    16 |    49 ||    86

Table legend:
 A = Turns spent in this place as a percentage of turns spent in the entire game.
 B = Non-inter-level travel turns spent in this place as a percentage of non-inter-level travel turns spent in the entire game.
 C = Inter-level travel turns spent in this place as a percentage of turns spent in this place.
 D = Turns resting spent in this place as a percentage of non-inter-level travel turns spent in this place.
 E = Turns spent auto-exploring this place as a percentage of non-inter-level travel turns spent in this place.
 F = Non-inter-level travel turns spent in this place divided by the number of levels of this place that you've seen.
                   A       B       C       D       E      F
               +-------+-------+-------+-------+-------+----------------------
         Total | 100.0 | 100.0 |   0.0 |   0.0 |   0.0 |  94.8
       Dungeon |  96.3 |  96.3 |   0.0 |   0.0 |   0.0 |  99.5
        Temple |   3.7 |   3.7 |   0.0 |   0.0 |   0.0 |  42.0
               +-------+-------+-------+-------+-------+----------------------

Table legend:
 A = Kills in this place as a percentage of kills in entire the game.
 B = Kills by you in this place as a percentage of kills by you in the entire game.
 C = Kills by friends in this place as a percentage of kills by friends in the entire game.
 D = Other kills in this place as a percentage of other kills in the entire game.
 E = Experience gained in this place as a percentage of experience gained in the entire game.
 F = Experience gained in this place divided by the number of levels of this place that you have seen.
                   A       B       C       D       E      F
               +-------+-------+-------+-------+-------+----------------------
         Total | 100.0 | 100.0 |  -nan |  -nan | 100.0 | 283.1
       Dungeon | 100.0 | 100.0 |  -nan |  -nan | 100.0 | 308.8
               +-------+-------+-------+-------+-------+----------------------
